 Dungeon Crawl Stone Soup version 0.32-a0-163-g159c032296 (webtiles) character file.

Game seed: 6684273016532224713

31 cforsyth the Magician (level 3, 0/28 HPs)
             Began as a Djinni Hexslinger on Feb 12, 2024.
             Slain by a phantom (4 damage)
             ... on level 2 of the Dungeon.
             The game lasted 00:02:17 (1510 turns).

cforsyth the Magician (Djinni Hexslinger)           Turns: 1510, Time: 00:02:17

Health: 0/28       AC:  2    Str:  7    XL:     3   Next: 40%
Gold:   79         EV: 12    Int: 16    God:
                   SH:  0    Dex: 15

rFire   + + .        a - +2 sling
rCold   x . .        (no shield)
rNeg    . . .        c - +0 robe
rPois   ∞            (no helmet)
rElec   .            (no cloak)
rCorr   .            (no gloves)
SInv    .            (boots unavailable)
Will    .....        (no amulet)
Stlth   +            (no ring)
HPRegen 0.24/turn    (no ring)
MPRegen 0.00/turn

%: infuse magic (-1 HP)
@: flying
A: sickness immunity, fire resistance 2, cold vulnerability 1, float, innate
caster, HP casting, extra vitality 1
a: no special abilities


You were on level 2 of the Dungeon.
You visited 1 branch of the dungeon, and saw 2 of its levels.

You collected 79 gold pieces.


Innate Abilities, Weirdness & Mutations

You are immune to sickness and miasma.
You are immune to poison.
Your flesh is very heat resistant. (rF++)
You are vulnerable to cold. (rC-)
You float through the air rather than walking.
You learn spells naturally, not from books.
Your magical power is your life essence.
You have superior vitality. (+4 MHP)


   Skills:
 + Level 2.3 Fighting
 - Level 1.5 Ranged Weapons
 - Level 2.1 Dodging
 + Level 3.1 Spellcasting
 + Level 3.1 Conjurations
 + Level 3.1 Hexes
 + Level 3.1 Summonings
 + Level 3.1 Necromancy
 + Level 3.1 Translocations
 + Level 3.1 Fire Magic
 + Level 3.1 Ice Magic
 + Level 3.1 Air Magic
 + Level 3.1 Earth Magic
 + Level 3.1 Alchemy


You knew the following spells:

 Your Spells              Type           Power      Damage    Failure   Level
c - Cause Fear            Hex            6%         N/A       45%         4
f - Inner Flame           Hex/Fire       12%        N/A       16%         3
z - Sting                 Conj/Alch      48%        1d6       4%          1
X - Jinxbite              Hex            24%        N/A       8%          2
Y - Sigil of Binding      Hex            12%        N/A       16%         3
Z - Dimensional Bullseye  Hex/Tloc       6%         N/A       45%         4
Your spell library was empty.

Inventory:

Hand Weapons
 a - a +2 sling (weapon)
Armour
 c - a +0 robe (worn)
Scrolls
 b - a scroll of poison

Dungeon Overview and Level Annotations

Branches:
Dungeon (2/15)

Altars:

#.#####)...# ##......##
#...#...##.# ##........##
#..§§......#### #..........#
#.####.###....###..........#
...# #.# ###...............#
...###.######..#...........#
.#.....>....##...).........#
######.####...#...........##
# #.# ###...@..........# #
#.# ###.W..........# # ###.#
###..........# # #...#
#..........# ####.###
#######..........#
.....######....##.........##
##.............##.<......##
.#.########....##..##..###
...########....##..###.#


You could see a phantom.


Message History

The phantom hits you.
* * * LOW HITPOINT WARNING * * *
The phantom blinks!
You blink.
The phantom hits you.
* * * LOW HITPOINT WARNING * * *
The phantom blinks!
You blink.
You shoot a sling bullet.
The sling bullet closely misses the phantom.
The phantom hits you.
* * * LOW HITPOINT WARNING * * *
Unknown command.
Unknown command.
Okay, then.
You aren't carrying any potions.
Unknown command.
Unknown command.
The phantom attacks as it pursues you! The phantom misses you.
You aren't carrying any items that you can evoke.
There is an escape hatch in the floor here.
The phantom attacks as it pursues you! The phantom closely misses you.
The phantom attacks as it pursues you! The phantom hits you.
* * * LOW HITPOINT WARNING * * *
The phantom blinks!
You blink.
You shoot a sling bullet. The sling bullet hits the phantom.
The phantom is lightly damaged.
The phantom misses you. The phantom barely misses you.
You shoot a sling bullet.
The sling bullet completely misses the phantom.
The phantom closely misses you. The phantom hits you.
You die...

Skill      XL: |  1  2 |
---------------+-------+-----
Spellcasting   | 3 |  3.1
Conjurations   | 3 |  3.1
Hexes          | 3 |  3.1
Summonings     | 3 |  3.1
Necromancy     | 3 |  3.1
Translocations | 3 |  3.1
Fire Magic     | 3 |  3.1
Ice Magic      | 3 |  3.1
Air Magic      | 3 |  3.1
Earth Magic    | 3 |  3.1
Alchemy        | 3 |  3.1
Fighting       | 2 |  2.3
Ranged Weapons | |  1.5
Dodging        | |  2.1

Action                     || total
---------------------------++-------
  Melee: Unarmed           ||     9
   Fire: Sling             ||    88
   Cast: Jinxbite          ||     1
         Sting             ||    11
    Use: Scroll            ||     6
         Potion            ||     1
 Armour: Robe              ||    53
  Dodge: Dodged            ||    46

Levels and vault maps discovered:
D:1:      giann_bridges, layout_basic
D:2:      layout_rooms

Notes
Turn   | Place    | Note
-------+----------+-------------------------------------------
     0 | D:1      | cforsyth the Djinni Hexslinger began the quest for the Orb.
     0 | D:1      | cforsyth set off with the following spells memorised:
                  | Jinxbite, Sigil of Binding, Inner Flame, Cause Fear,
                  | Dimensional Bullseye.
     0 | D:1      | Reached XP level 1. HP: 17/17 MP: 0/0
    93 | D:1      | Reached XP level 2. HP: 19/22 MP: 0/0
   524 | D:1      | Reached skill level 3 in Spellcasting
   524 | D:1      | Reached skill level 3 in Conjurations
   524 | D:1      | Reached skill level 3 in Hexes
   524 | D:1      | Reached skill level 3 in Summonings
   524 | D:1      | Reached skill level 3 in Necromancy
   524 | D:1      | Reached skill level 3 in Translocations
   524 | D:1      | Reached skill level 3 in Fire Magic
   524 | D:1      | Reached skill level 3 in Ice Magic
   524 | D:1      | Reached skill level 3 in Air Magic
   524 | D:1      | Reached skill level 3 in Earth Magic
   524 | D:1      | Reached skill level 3 in Alchemy
  1116 | D:2      | Reached skill level 2 in Fighting
  1116 | D:2      | Reached XP level 3. HP: 25/28 MP: 0/0
  1116 | D:2      | Learned a level 1 spell: Sting
  1416 | D:2      | Noticed a phantom
  1426 | D:2      | HP: 2/28 [phantom (6)]
  1510 | D:2      | Slain by a phantom

Vanquished Creatures
  A bat (D:1)
  6 endoplasms
  2 giant cockroaches (D:2)
  4 goblins
  A hobgoblin (D:1)
  4 quokkas (D:1)
  2 ball pythons (D:2)
  A frilled lizard (D:1)
  3 kobolds
  2 rats (D:1)
26 creatures vanquished.

Table legend: (Time is in decaauts)
 A = Elapsed time spent in this place.
 B = Non-inter-level travel time spent in this place.
 C = Inter-level travel time spent in this place.
 D = Time resting spent in this place.
 E = Time spent auto-exploring this place.
 F = Levels seen in this place.
 G = Mean time per level.
                   A        B        C        D        E       F      G
               +--------+--------+--------+--------+--------+-----+--------+
         Total |   1536 |   1490 |     46 |    186 |   1061 |   2 |  768.0 |
       Dungeon |   1536 |   1490 |     46 |    186 |   1061 |   2 |  768.0 |
               +--------+--------+--------+--------+--------+-----+--------+

Top non-repeatable levels by time:
     D:1: 1124 daAuts
     D:2: 412 daAuts

Table legend:
 A = Non-vault XP
 B = Vault XP
 C = Vault XP percentage of total XP
 D = Non-vault monster count
 E = Vault monster count
 F = Vault count percentage of total count
                 A         B        C        D         E       F
            +---------+---------+-------+---------+---------+-------
      Total |      45 |       0 |   0.0 |      26 |       0 |   0.0
            +---------+---------+-------+---------+---------+-------
        D:1 |      28 |       0 |   0.0 |      16 |       0 |   0.0
        D:2 |      17 |       0 |   0.0 |      10 |       0 |   0.0
            +---------+---------+-------+---------+---------+-------
